 Dungeon Crawl Stone Soup version 0.21-a0-504-g2eda330 (webtiles) character file.

235 Gwenloh the Ruffian (level 5, 0/42 HPs)
             Began as a Draconian Transmuter on Nov 25, 2017.
             Slain by Sigmund
             ... wielding a +1 scythe of protection
              (5 damage)
             ... on level 3 of the Dungeon.
             The game lasted 00:14:23 (2352 turns).

Gwenloh the Ruffian (Draconian Transmuter)          Turns: 2352, Time: 00:14:23

Health: 0/42       AC:  5    Str: 13    XL:     5   Next: 76%
Magic:  10/10      EV: 12    Int: 14    God:
Gold:   150        SH:  0    Dex: 11    Spells: 7/10 levels left

rFire    . . .     SeeInvis .     - Unarmed
rCold    . . .     Gourm    .   (no shield)
rNeg     . . .     Faith    .   (armour unavailable)
rPois    .         Spirit   .   (helmet restricted)
rElec    .         Reflect  .   (no cloak)
rCorr    .         Harm     .   (no gloves)
MR       .....                  (no boots)
Stlth    +.........             (no amulet)
HPRegen  0.14/turn              (no ring)
MPRegen  0.12/turn              (no ring)

@: confused, appendage
A: unfitting armour, horns 2, cold-blooded, AC +5
a: End Transformation


You were on level 3 of the Dungeon.
You were not hungry.
You had grown temporary horns.
You visited 1 branch of the dungeon, and saw 3 of its levels.

You collected 150 gold pieces.

Inventory:

Missiles
 a - 64 arrows
 i - 107 stones (quivered)
 m - 24 bolts
Scrolls
 e - 6 scrolls of teleportation {unknown}
 g - 2 scrolls of noise {unknown}
 h - a scroll of blinking {unknown}
 l - a scroll of immolation {unknown}
 q - 2 scrolls of identify {unknown}
Potions
 d - 3 potions of flight {unknown}
 j - a potion of curing
 n - a potion of ambrosia {unknown}
 o - a potion of mutation {unknown}
 p - a potion of lignification {unknown}
 r - a potion of resistance {unknown}
 t - a potion of haste {unknown}
Books
 b - a book of Changes

   Spells                             Type                      Level
   a - Beastly Appendage              Transmutation                1
   b - Sticks to Snakes               Transmutation                2
   c - Spider Form                    Transmutation/Poison         3
   d - Ice Form                       Ice/Transmutation            4
   e - Blade Hands                    Transmutation                5
Comestibles
 c - 3 bread rations
 f - 3 chunks of flesh
 k - 2 meat rations
 s - 3 fruits


   Skills:
 - Level 2.5 Fighting
 - Level 2.6 Dodging
 - Level 3.6 Unarmed Combat
 + Level 3.4 Spellcasting
 + Level 3.6 Transmutations


You had 7 spell levels left.
You knew the following spells:

 Your Spells              Type           Power        Failure   Level  Hunger
a - Beastly Appendage     Tmut           ##....       4%          1    #......
b - Sticks to Snakes      Tmut           ##......     7%          2    ##.....


Dungeon Overview and Level Annotations

Branches:
Dungeon (3/15)

Altars:
Fedhas
Gozag
Nemelex Xobeh
Zin
The Shining One

Annotations:
D:3 Sigmund


Innate Abilities, Weirdness & Mutations

Your plain brown scales are hard. (AC +5)
You cannot fit into any form of body armour.
You are cold-blooded and may be slowed by cold attacks.
You have a pair of horns on your head.


Message History

Something completely misses you.
You closely miss something.
Casting: Beastly Appendage
Confirm with . or Enter, or press ? or * to list all spells.
You grow a pair of large bovine horns.
Something hits you!
You hit something but do no damage. Your headbutt misses something.
Something hits you!
You hit something. Your headbutt misses something. You miss something.
Your headbutt misses something.
You hear some strange, mumbled words.
A puff of flame appears from out of thin air!
The puff of flame hits you!
You hit something but do no damage.
You hear some strange, mumbled words.
You are confused.
You're too confused to move!
Something hits you. Something hits you!
* * * LOW HITPOINT WARNING * * *
Something hits you.
You die...

###############
#.......)......
######.#############
#...##.# # ##.#....#
# #.{.@#.## ### #
#.####.### ##.##
#.##.....#######...##
#.#.8...8.#..........
#.#.......#.####...##
#....._.....# ##.##
#.......### #.#
#.8...8.# ##.##
##.....## ###...##


There were no monsters in sight!

Vanquished Creatures
  2 orc wizards (D:3)
  Natasha (twice) (D:2)
  5 adders
  An ooze (D:1)
  A dart slug (D:2)
  2 orcs (D:3)
  2 ball pythons (D:1)
  4 giant cockroaches
  12 goblins
  8 hobgoblins
  7 jackals
  3 bats (D:2)
  3 frilled lizards
  3 kobolds
  12 rats
67 creatures vanquished.

Vanquished Creatures (collateral kills)
  Robin (D:2)
  5 goblins (D:2)
  3 hobgoblins (D:2)
  A frilled lizard (D:2)
10 creatures vanquished.

Grand Total: 77 creatures vanquished

Notes
Turn   | Place    | Note
-------+----------+-------------------------------------------
     0 | D:1      | Gwenloh the Draconian Transmuter began the quest for the Orb.
     0 | D:1      | Reached XP level 1. HP: 16/16 MP: 3/3
   207 | D:1      | Reached XP level 2. HP: 23/23 MP: 3/5
   216 | D:1      | Learned a level 2 spell: Sticks to Snakes
   820 | D:2      | Reached XP level 3. HP: 27/29 MP: 0/6
  1010 | D:2      | Found a glowing golden altar of the Shining One.
  1132 | D:2      | Found a sparkling altar of Nemelex Xobeh.
  1220 | D:2      | Noticed Robin
  1277 | D:2      | Killed Robin
  1302 | D:2      | Reached XP level 4. HP: 27/36 MP: 3/7
  1376 | D:2      | Noticed Natasha
  1389 | D:2      | Killed Natasha
  1474 | D:2      | Found a faded altar of an unknown god.
  1497 | D:2      | Found a blossoming altar of Fedhas.
  1543 | D:2      | Noticed Natasha
  1554 | D:2      | Killed Natasha
  1664 | D:3      | Reached XP level 5. HP: 34/42 MP: 7/9
  2252 | D:3      | Found a glowing silver altar of Zin.
  2280 | D:3      | Found an opulent altar of Gozag.
  2339 | D:3      | Noticed Sigmund
  2352 | D:3      | Slain by Sigmund

Vault maps used:
D:1:      dpeg_arrival_ratfight, hangedman_decor_growths
D:2:      lemuel_round_altar, nemelex_altar_shiori, first_bread,
          chequers_ecumenical_altar_lobes, minmay_misc_feat_tiny,
          minmay_misc_feat_hallway, fedhas_altar_4, uniq_natasha, uniq_robin
D:3:      lemuel_round_altar, grunt_gozag_statues, minmay_quantized,
          uniq_sigmund

Skill      XL: |  1  2  3  4  5 |
---------------+----------------+-----
Dodging        | 2 |  2.6
Fighting       | 2 |  2.5
Transmutations | 3 |  3.6
Spellcasting   | 3 |  3.4
Unarmed Combat | |  3.6

Action                   |  1- 3 |  4- 6 || total
-------------------------+-------+-------++-------
Melee: Unarmed           |   120 |   130 ||   250
       Kick              |     9 |     8 ||    17
       Tailslap          |     7 |    10 ||    17
       Headbutt          |     4 |     5 ||     9
       Punch             |       |     2 ||     2
 Cast: Beastly Appendage |    20 |    18 ||    38
       Sticks to Snakes  |     6 |     3 ||     9
 Stab: Sleeping          |       |     1 ||     1
  Eat: Chunk             |     2 |     4 ||     6
Armor: Skin              |    35 |    35 ||    70
Dodge: Dodged            |    64 |    90 ||   154

Table legend:
 A = Spawn XP
 B = Non-spawn XP
 C = Spawn XP percentage of total XP
 D = Spawn monster count
 E = Non-spawn monster count
 F = Spawn count percentage of total count
 G = Total turns spent on level
                    A         B        C        D         E        F      G
               +---------+---------+-------+---------+---------+-------+---------
         Total |       0 |     337 |   0.0 |       0 |      77 |   0.0 |  2352
               +---------+---------+-------+---------+---------+-------+---------
           D:1 |       0 |      29 |   0.0 |       0 |      18 |   0.0 |   781
           D:2 |       0 |     156 |   0.0 |       0 |      39 |   0.0 |   782
           D:3 |       0 |     152 |   0.0 |       0 |      20 |   0.0 |   789
               +---------+---------+-------+---------+---------+-------+---------
